[ AOE2 MATCH · #495348205 ]
UnrankedMongols vs Wei
Player's team · WIN
Rival team · LOSS
[ REPLAY ANALYSIS · EXTRACTED FROM THE RECORDED GAME ]
Feudal
8:32
Castle
—
Imperial
—
| APM avg | 63.7 |
| APM peak | 203 |
| eAPM avg | 15.9 |
| Villagers / military | 22 / 18 |
Focus
⚔️ 43.6% · 🌾 56.4%
Archer ×8 · Militia ×5 · Skirmisher ×5
Feudal
9:18
Castle
—
Imperial
—
| APM avg | 61.9 |
| APM peak | 87 |
| eAPM avg | 24.6 |
| Villagers / military | 22 / 4 |
Focus
⚔️ 34.3% · 🌾 65.7%
Archer ×3 · Skirmisher ×1
Match map
Initial resources + every placement click. Lines = walls · curves = elevation contours. ◆ gold · ⬟ stone · ● berries · ✦ relic · ◌ wall gap
Your base
El Comadreja's base
Smoothed initial terrain · ◌ = detected wall gap · hover for details
Inputs per minute
— DS_Rene Lavand - - El Comadreja
Build order — DS_Rene Lavand
68 actions detected in the replay
| 0:02 | Create | Villager (Male) |
| 0:02 | Create | Villager (Male) |
| 0:02 | Create | Villager (Male) |
| 0:02 | Create | Villager (Male) |
| 0:03 | Create | Villager (Male) |
| 0:04 | Build | House |
| 0:06 | Build | House |
| 1:36 | Create | Villager (Male) |
| 1:57 | Build | Lumber Camp |
| 2:02 | Create | Villager (Male) |
| 2:28 | Create | Villager (Male) |
| 2:58 | Create | Villager (Male) |
| 3:02 | Create | Villager (Male) |
| 3:02 | Create | Villager (Male) |
| 3:41 | Build | House |
| 3:47 | Create | Villager (Male) |
| 3:47 | Create | Villager (Male) |
| 4:21 | Create | Villager (Male) |
| 4:21 | Create | Villager (Male) |
| 4:40 | Create | Villager (Male) |
| 4:47 | Build | Barracks |
| 4:55 | Build | House |
| 5:30 | Build | Palisade Wall |
| 5:30 | Build | Palisade Wall |
| 5:32 | Build | Palisade Wall |
| 5:41 | Create | Villager (Male) |
| 6:22 | Research | Feudal Age |
| 6:23 | Research | Loom |
| 6:39 | Create | Militia |
| 6:39 | Create | Militia |
| 6:53 | Create | Militia |
| 6:53 | Create | Militia |
| 7:02 | Build | Mining Camp |
| 7:21 | Create | Militia |
| 8:07 | Research | Loom |
| 8:32 | Age | Feudal Age |
| 8:35 | Build | Archery Range |
| 8:35 | Research | Man-at-Arms (upgrade) |
| 8:36 | Create | Villager (Male) |
| 8:37 | Create | Villager (Male) |
| 8:51 | Build | House |
| 8:52 | Build | House |
| 9:23 | Create | Archer |
| 9:23 | Create | Archer |
| 9:27 | Build | Watch Tower |
| 9:35 | Create | Archer |
| 9:35 | Create | Archer |
| 9:35 | Create | Skirmisher |
| 9:36 | Create | Skirmisher |
| 9:36 | Create | Skirmisher |
| 9:39 | Create | Villager (Male) |
| 9:39 | Create | Villager (Male) |
| 10:05 | Build | Watch Tower |
| 10:11 | Create | Villager (Male) |
| 10:25 | Build | Mill |
| 10:30 | Create | Archer |
| 10:30 | Create | Archer |
| 10:55 | Build | Farm |
| 11:30 | Build | Palisade Wall |
| 11:30 | Build | Palisade Wall |
| 11:31 | Build | Palisade Wall |
| 11:31 | Build | Palisade Wall |
| 11:31 | Build | Palisade Wall |
| 11:32 | Build | Palisade Wall |
| 11:36 | Create | Skirmisher |
| 11:36 | Create | Archer |
| 11:36 | Create | Skirmisher |
| 11:36 | Create | Archer |
Build order — El Comadreja
59 actions detected in the replay
| 0:00 | Create | Villager (Male) |
| 0:00 | Create | Villager (Male) |
| 0:01 | Build | House |
| 0:02 | Build | House |
| 0:10 | Create | Villager (Male) |
| 0:10 | Create | Villager (Male) |
| 1:26 | Create | Villager (Male) |
| 2:00 | Create | Villager (Male) |
| 2:17 | Build | Lumber Camp |
| 2:20 | Create | Villager (Male) |
| 2:42 | Create | Villager (Male) |
| 2:52 | Create | Villager (Male) |
| 3:12 | Create | Villager (Male) |
| 3:24 | Build | House |
| 3:42 | Create | Villager (Male) |
| 3:52 | Build | Mill |
| 4:17 | Create | Villager (Male) |
| 4:30 | Create | Villager (Male) |
| 5:02 | Create | Villager (Male) |
| 5:21 | Create | Villager (Male) |
| 5:31 | Create | Villager (Male) |
| 6:13 | Research | Loom |
| 6:15 | Create | Villager (Male) |
| 7:04 | Build | Mining Camp |
| 7:08 | Research | Feudal Age |
| 7:08 | Research | Feudal Age |
| 7:47 | Build | Palisade Wall |
| 7:59 | Build | Palisade Wall |
| 8:02 | Build | Palisade Wall |
| 8:11 | Build | Palisade Wall |
| 8:12 | Build | Palisade Wall |
| 8:12 | Build | Palisade Wall |
| 8:14 | Build | Palisade Wall |
| 8:15 | Build | Palisade Wall |
| 8:16 | Build | Palisade Wall |
| 8:19 | Build | Palisade Wall |
| 8:29 | Build | Barracks |
| 8:32 | Build | Barracks |
| 8:52 | Create | Villager (Male) |
| 8:58 | Build | House |
| 9:18 | Age | Feudal Age |
| 9:24 | Build | Archery Range |
| 9:34 | Create | Villager (Male) |
| 9:42 | Research | Double-Bit Axe |
| 9:42 | Research | Horse Collar |
| 10:09 | Create | Archer |
| 10:21 | Create | Villager (Male) |
| 10:22 | Build | Mill |
| 10:39 | Create | Archer |
| 10:40 | Create | Archer |
| 10:48 | Build | House |
| 10:51 | Build | House |
| 10:52 | Build | Palisade Wall |
| 11:15 | Build | Farm |
| 11:16 | Build | Farm |
| 11:18 | Create | Villager (Male) |
| 11:18 | Create | Villager (Male) |
| 11:21 | Create | Skirmisher |
| 11:34 | Build | House |
Match timeline
| 4:47 | DS_Rene Lavand · first_building Barracks |
| 5:30 | DS_Rene Lavand · wall_segment Palisade Wall x2 |
| 5:30 | DS_Rene Lavand · wall_segment Palisade Wall x1 |
| 5:32 | DS_Rene Lavand · wall_segment Palisade Wall x1 |
| 7:47 | El Comadreja · wall_segment Palisade Wall x1 |
| 7:59 | El Comadreja · wall_segment Palisade Wall x1 |
| 8:02 | El Comadreja · wall_segment Palisade Wall x1 |
| 8:11 | El Comadreja · wall_segment Palisade Wall x1 |
| 8:12 | El Comadreja · wall_segment Palisade Wall x1 |
| 8:12 | El Comadreja · wall_segment Palisade Wall x1 |
| 8:14 | El Comadreja · wall_segment Palisade Wall x1 |
| 8:15 | El Comadreja · wall_segment Palisade Wall x1 |
| 8:16 | El Comadreja · wall_segment Palisade Wall x1 |
| 8:19 | El Comadreja · wall_segment Palisade Wall x1 |
| 8:29 | El Comadreja · first_building Barracks |
| 8:32 | DS_Rene Lavand · age_up feudal |
| 8:35 | DS_Rene Lavand · first_building Archery Range |
| 9:18 | El Comadreja · age_up feudal |
| 9:24 | El Comadreja · first_building Archery Range |
| 10:52 | El Comadreja · wall_segment Palisade Wall x4 |
| 11:30 | DS_Rene Lavand · wall_segment Palisade Wall x1 |
| 11:30 | DS_Rene Lavand · wall_segment Palisade Wall x1 |
| 11:31 | DS_Rene Lavand · wall_segment Palisade Wall x1 |
| 11:31 | DS_Rene Lavand · wall_segment Palisade Wall x2 |
| 11:31 | DS_Rene Lavand · wall_segment Palisade Wall x1 |
| 11:32 | DS_Rene Lavand · wall_segment Palisade Wall x1 |
| 11:38 | El Comadreja · resign |
[ AI ANALYSIS · 1 CREDIT ]
What really happened in this match?
Wolo.gg analyzes every decision: build order, eco, micro, common mistakes by bracket. Personalized analysis on WhatsApp or Discord in 30 seconds.
Civ guide
Mongols
Perfil
DS_Rene Lavand